Map: Orbital Shipyard

Players

Sioras

  • Race: Zerg Zerg
  • League: Master

MythiC - Winner!

  • Race: Terran Terran
  • League: Grandmaster

VOD

Have the link to the VOD?

Description

Time

  • Played on: Jan. 17, 2016, 7:35 a.m.
  • Length: 4:28
Show
View Real Time Build Order
Export as new Build Order

Sioras Zerg 

Build Orders: Pool First 

Get SALT Encoding   

  12  0:01  Drone  
  13  0:08  Drone  
  14  0:17  Overlord  
  14  0:23  Extractor  
  14  0:24  Drone  
  15  0:35  Drone x2  
  17  0:41  Extractor  
  16  0:48  Drone  
  17  0:50  Spawning Pool  
  17  0:55  Drone  
  17  1:15  Hatchery  
  17  1:18  Drone  
  17  1:32  Overlord  
  17  1:37  Queen  
  19  1:43  Metabolic Boost  
  19  1:48  Zergling x2  
  19  1:51  Zergling x2  
  19  1:54  Drone  
  22  2:00  Drone  
  23  2:10  Drone  
  23  2:12  Queen  
  26  2:21  Drone  
  27  2:26  Queen  
  27  2:27  Drone  
  30  2:34  Drone  
  31  2:38  Overlord  
  31  2:44  Drone  
  31  2:46  Drone x3  
  31  2:49  Drone  
  36  2:58  Drone  
  37  2:59  Drone  
  38  3:10  Zergling x2  
  38  3:11  Zergling x2  
  39  3:20  Drone x3  
  42  3:27  Drone x2  
  42  3:33  Queen  
  42  3:34  Overlord  
  44  3:35  Overlord  
  44  3:36  Hatchery  
  44  3:39  Zergling x4  
  44  3:52  Overlord  
  44  3:54  Zergling x6  
  44  3:55  Zergling x4  
  49  4:00  Hatchery  
  49  4:01  Zergling x2  
  48  4:08  Zergling x2  
  48  4:09  Zergling x2  
  46  4:19  Roach Warren  
Show
View Real Time Build Order
Export as new Build Order

MythiC Terran - Winner!

Build Orders:  

Get SALT Encoding   

  12  0:00  SCV  
  13  0:12  SCV  
  14  0:17  Supply Depot  
  14  0:25  SCV  
  15  0:39  SCV, Barracks  
  16  0:43  Refinery  
  16  0:51  SCV  
  17  1:03  SCV  
  18  1:18  SCV  
  19  1:30  Orbital Command  
  19  1:31  Barracks Reactor  
  19  1:39  Command Center  
  19  1:52  Supply Depot  
  19  1:56  SCV  
  20  2:03  Refinery  
  20  2:07  Reaper  
  20  2:08  Reaper, SCV  
  23  2:19  Barracks  
  23  2:20  SCV  
  24  2:27  Barracks  
  24  2:32  SCV  
  25  2:39  Reaper  
  25  2:40  Reaper  
  27  2:44  SCV  
  28  2:54  Orbital Command  
  28  2:56  SCV  
  29  3:08  SCV  
  29  3:12  Reaper x2  
  32  3:20  SCV  
  32  3:21  SCV  
  34  3:27  Marine, Barracks Tech Lab  
  34  3:30  Factory  
  34  3:33  SCV x2  
  37  3:45  SCV x2  
  39  3:48  Supply Depot  
  39  3:49  Marine x2  
  39  3:50  Marine x2  
  43  3:57  SCV x2  
  43  4:02  Supply Depot  
  45  4:07  Marine  
  46  4:10  SCV x2  
  51  4:17  Starport  
  53  4:25  Factory Reactor  
Tags
 
Add a new tag
Caveats
  • Supply blocks, unpowered buildings, or Contaminate may cause inaccurate times.
  • Supply counts are checked every 10 seconds.